 Dungeon Crawl Stone Soup version 0.19.1-1-g22dce08 (webtiles) character file.

102346 terep12 the Gargoyle Blade (level 16, 0/91 HPs)
             Began as a Gargoyle Berserker on Jan 12, 2017.
             Was an Elder of Trog.
             Slain by a merfolk impaler
             ... wielding a +2 trident of distortion
              (5 damage)
             ... on level 4 of the Shoals on Jan 13, 2017.
             The game lasted 01:41:20 (24715 turns).

terep12 the Gargoyle Blade (Gargoyle Berserker)    Turns: 24715, Time: 01:41:22

Health: 0/91       AC: 47    Str: 27    XL:     16   Next: 33%
Magic:  16/16      EV:  8    Int:  6    God:    Trog [****..]
Gold:   1966       SH:  0    Dex:  9    Spells: 0 memorised, 15 levels left

rFire  + . .     SeeInvis .     A - +2 triple sword (protect)
rCold  . . .     Gourm    .     H - +4 plate armour {rC+}
rNeg   + . .     Faith    .     (shield currently unavailable)
rPois  ∞         Spirit   .     (helmet restricted)
rElec  +         Reflect  .     t - +0 cloak
rCorr  .         Harm     .     e - +0 pair of gloves
MR     ++...     Clarity  +     R - +0 pair of boots
Stlth  .......... Rnd*Tele +    D - amulet of regeneration
                                K - ring of protection from magic
                                Z - ring of Ishaud {Fire rElec Int-3 Slay+3}

@: exhausted, protection aura, flying, very slightly contaminated, starving,
slowed, very slow
A: antennae 1, big wings, beak, molten scales 1, thin metallic scales 1, blink,
clarity, dopey 1, negative energy resistance 1, robust 1, electricity
resistance, strong 1, teleportitis 1, unbreathing, petrification resistance, rot
immunity, subdued magic 1, AC +11
a: Stop Flying, Blink, Berserk, Trog's Hand, Brothers in Arms, Burn Spellbooks,
Renounce Religion


You were on level 4 of the Shoals.
You worshipped Trog.
Trog was greatly pleased with you.
You were starving.

You visited 3 branches of the dungeon, and saw 23 of its levels.
You also visited: Labyrinth, Ossuary and Volcano.

You collected 1966 gold pieces.

Inventory:

Hand Weapons
 b - a +3 antimagic great sword
 A - a +2 triple sword of protection (weapon)
 T - a +1 scimitar of flaming
Missiles
 g - 4 silver javelins (quivered)
Armour
 e - a +0 pair of gloves (worn)
 t - a +0 cloak (worn)
 H - a +4 plate armour of cold resistance (worn)
 N - the +0 scale mail "Qaffury" {rN+ Str+2}
   (You found it on level 2 of the Shoals)

   It affects your strength (+2).
   It protects you from negative energy.
 P - a +2 ring mail of magic resistance
 R - a +0 pair of boots (worn)
 V - a +2 plate armour of fire resistance
Jewellery
 l - an uncursed ring of protection from fire
 n - an uncursed ring of resist corrosion
 y - an uncursed ring of protection from cold
 D - an amulet of regeneration (around neck)
 K - a ring of protection from magic (right hand)
 M - a +3 amulet of reflection
 Z - the ring of Ishaud (left hand) {Fire rElec Int-3 Slay+3}
   (You found it in a labyrinth)

   [ring of fire]

   It enhances your fire magic.
   It affects your intelligence (-3).
   It affects your accuracy and damage with ranged weapons and melee attacks
   (+3).
   It protects you from fire.
   It makes you vulnerable to cold.
   It insulates you from electricity.
Wands
 j - a wand of polymorph (16/24)
 k - a wand of flame (30/48)
 u - a wand of slowing (19/48)
 J - a wand of slowing (26/48)
Scrolls
 d - 6 scrolls of remove curse
 f - 4 scrolls of identify
 i - 2 scrolls of teleportation
 C - 4 scrolls of enchant weapon
 F - 2 scrolls of enchant armour
 U - 3 scrolls of random uselessness {unknown}
Potions
 a - 3 potions of ambrosia
 o - a potion of brilliance
 p - 4 potions of magic
 q - 3 potions of heal wounds
 s - 2 potions of berserk rage
 v - 8 potions of curing
 z - 3 potions of haste
 L - 2 potions of cancellation {unknown}
 X - 2 potions of might
Miscellaneous
 r - a box of beasts
Comestibles
 c - 19 bread rations
 h - a royal jelly
 m - 6 chunks of flesh
 x - 4 meat rations
 I - 23 beef jerkies


   Skills:
 - Level 3.4 Fighting
 + Level 21.5 Long Blades
 + Level 13.8 Armour
 - Level 1.6 Dodging
 - Level 1.2 Stealth


You had 15 spell levels left.
You didn't know any spells.

Dungeon Overview and Level Annotations

Branches:
Dungeon (13/15)            Temple (0/1) D:6            Lair (6/6) D:9
 Shoals (4/4) Lair:3       Spider (0/4) Lair:2        Slime (0/5) Lair:6
    Orc (0/2) D:10
 Vaults: D:13-14

Altars:
Ashenzari
Cheibriados
Dithmenos
Fedhas
Kikubaaqudgha
Nemelex Xobeh
Ru
Sif Muna
Vehumet
Yredelemnul
The Shining One

Shops:
D:7 %   D:10 [   D:11 (

Annotations:
Shoals:4 Ilsuiw


Innate Abilities, Weirdness & Mutations

You are resistant to torment.
Your stone body is resilient. (AC +11)
You are immune to poison.
Your large and strong wings let you fly indefinitely.
You resist negative energy. (rN+)
You are resistant to electric shocks. (rElec)
You can survive without breathing.
You are immune to petrification.
You are immune to rotting.
You have a pair of small antennae on your head.
You have a beak for a mouth.
You are partially covered in molten scales. (AC +2)
You are partially covered in thin metallic scales. (AC +2)
You can translocate small distances at will.
You possess an exceptional clarity of mind.
You are dopey. (Int -2)
You are robust. (+10% HP)
Your muscles are strong. (Str +2)
You are occasionally teleported next to monsters.
Your spells are a little easier to cast, but a little less powerful.


Message History

Your two-headed ogre's corpse disappears in a puff of smoke!
The merfolk aquamancer is engulfed in a cloud of scalding steam.
The merfolk impaler hits you but does no damage.
Space bends around you.
* * * LOW HITPOINT WARNING * * *
The merfolk hits you but does no damage.
The sea snake is engulfed in a cloud of scalding steam.
The sea snake bites you but does no damage.
The merfolk javelineer throws a javelin.
The javelin hits you!
* * * LOW HITPOINT WARNING * * *
You hear a splash.
Your ogre is engulfed in a cloud of scalding steam.
Your ogre barely misses the merfolk.
The siren hits you but does no damage.
The merfolk aquamancer gestures at you while chanting.
The ball of steam hits you!
The merfolk impaler hits you from afar with a trident of distortion!
* * * LOW HITPOINT WARNING * * *
Space bends around you.
You die...

≈≈≈≈≈# ##......≈≈≈≈≈≈≈
≈≈≈≈≈≈#####.......≈≈≈≈≈≈≈
≈≈≈≈≈≈≈≈≈≈≈§..m#####≈≈≈..
≈≈≈≈≈≈≈≈≈≈≈≈.)## ##≈...
≈≈≈≈≈≈≈≈≈Em≈m≈# #≈...
≈≈≈≈≈≈≈≈≈E{≈E≈+ #....
≈≈≈≈≈≈m≈≈mmm≈≈#{ #...#
≈≈≈≈≈≈≈≈O§§≈≈≈## #..#
≈≈≈≈≈≈§§@§§m≈≈≈# #≈..
≈≈≈≈≈≈≈SS§§§§§≈≈ ≈≈.
≈≈≈≈≈≈≈≈≈≈≈§§≈≈≈≈
≈≈≈#####≈≈m§...≈≈≈ ≈≈
##H≈.......≈ P
#≈.........≈ ≈......
.......


You could see 2 merfolk impalers, a merfolk javelineer, 2 sea snakes, a merfolk
aquamancer, 2 merfolk, a manticore, 3 water elementals, 2 sirens and a friendly
ogre (berserk).

Vanquished Creatures
  Frances (D:12)
  2 krakens
  Kirke (D:12)
  Roxanne (Shoals:2)
  The ghost of dngmouse the Fighter, a journeyman HOFi of Makhleb (D:12)
  Snorg (D:13)
  A minotaur (Lab)
  2 merfolk impalers
  Josephine (Lair:4)
  2 hydras
  Fannar (Lair:3)
  2 merfolk avatars
  Erica (D:8)
  3 merfolk aquamancers
  A satyr (Shoals:4)
  10 death yaks
  A tengu warrior (D:13)
  10 sea snakes
  An unseen horror (D:11)
  2 hill giants
  7 harpies
  An orb spider (Lair:2)
  A necromancer (Lair:5)
  4 ugly things
  3 elephants (Lair:5)
  An orc sorcerer (Volcano)
  2 cyclopes
  4 manticores
  6 fauns (Shoals:1)
  2 sirens (Shoals:3)
  Maurice (D:8)
  5 black mambas
  A black mamba (shapeshifter) (D:13)
  2 molten gargoyles (Volcano)
  4 water nymphs
  A smoke demon (Volcano)
  2 gargoyles (D:10)
  A torpor snail (Lair:5)
  9 spiny frogs
  A komodo dragon (shapeshifter) (D:8)
  10 komodo dragons
  4 rime drakes
  A tengu conjurer (D:13)
  A red devil (Volcano)
  3 trolls
  A wind drake (Shoals:3)
  7 merfolk
  9 polar bears
  A two-headed ogre (D:8)
  Grinder (D:6)
  3 dream sheep (Shoals:1)
  4 raiju (Lair:6)
  5 hippogriffs
  22 blink frogs
  6 snapping turtles
  2 shadows (Lab)
  The ghost of Paps the Cudgeler, an amateur TrBe of Trog (D:3)
  4 wyverns
  8 water elementals
  4 wraiths
  Sigmund (D:3)
  2 fire bats (Volcano)
  57 yaks
  2 hungry ghosts
  8 basilisks
  7 wargs (Lair:6)
  A mottled dragon (D:11)
  9 water moccasins
  A soldier ant (D:12)
  6 hell hounds
  10 porcupines
  12 orc warriors
  5 ice beasts
  14 black bears
  8 ogres
  3 phantoms
  A hornet zombie (D:13)
  17 centaurs
  A necrophage (D:12)
  26 wolves
  4 sky beasts
  11 crocodiles
  5 big kobolds
  21 bullfrogs
  8 water moccasin zombies (Ossuary)
  10 scorpions
  4 wights (D:7)
  3 howler monkeys
  An electric eel (D:9)
  9 crimson imps
  A bullfrog zombie (D:5)
  8 lava snakes
  A centaur zombie (D:8)
  A quasit (D:11)
  3 jellies
  18 hounds
  7 orc wizards
  2 bullfrog skeletons
  3 centaur skeletons
  12 orc priests
  Crazy Yiuf (D:3)
  4 iguanas
  8 worker ants
  7 yak simulacra (Lair:5)
  2 wolf simulacra (Lair:5)
  A killer bee zombie (D:7)
  6 big kobold zombies (Ossuary)
  3 hound zombies
  2 mummies (Ossuary)
  Robin (D:2)
  2 worker ant zombies
  10 gnolls
  A howler monkey skeleton (D:8)
  12 adders
  6 river rats
  A shadow imp (D:13)
  An ooze (D:6)
  5 adder zombies
  2 adder skeletons (D:8)
  3 worms
  2 dart slugs
  2 leopard geckos
  64 orcs
  9 giant cockroaches
  5 gnoll zombies (Ossuary)
  13 goblins
  12 hobgoblins
  18 jackals
  58 kobolds
  4 quokkas
  A ball python (D:1)
  6 bats
  5 frilled lizards
  A giant cockroach zombie (D:5)
  7 hobgoblin zombies (Ossuary)
  3 kobold zombies (Ossuary)
  5 orc zombies (Ossuary)
  A quokka zombie (D:6)
  10 rats
  2 river rat simulacra (Lair:5)
  A butterfly (Lair:6)
  A plant (Lab)
831 creatures vanquished.

Vanquished Creatures (collateral kills)
  Polyphemus (Shoals:2)
  The ghost of HEYYEYAAE the Frost Mage, a journeyman DrIE of Okawaru (D:13)
  A catoblepas (Shoals:2)
  4 death yaks (Shoals:2)
  A harpy (Shoals:4)
  2 sirens (Shoals:4)
  A snapping turtle (Shoals:4)
  A hungry ghost (D:13)
  An orc warrior (D:9)
  An ice beast (D:9)
  An eye of draining (D:9)
  A centaur (D:9)
  An orc priest (D:9)
  3 orcs (D:13)
  A bat (D:9)
  2 kobolds (D:13)
23 creatures vanquished.

Vanquished Creatures (others)
  2 humans (D:12)
  A sky beast (D:6)
  A centaur (D:12)
  A bullfrog (D:12)
  A rat (D:2)
  33 fungi
  23 plants
  8 tentacles
70 creatures vanquished.

Grand Total: 924 creatures vanquished

Notes
Turn   | Place    | Note
-------+----------+-------------------------------------------
     0 | D:1      | terep12 the Gargoyle Berserker began the quest for the Orb.
     0 | D:1      | Reached XP level 1. HP: 14/14 MP: 1/1
   419 | D:1      | Reached skill level 3 in Long Blades
   457 | D:1      | Reached XP level 2. HP: 10/19 MP: 2/2
  1073 | D:2      | Reached XP level 3. HP: 23/23 MP: 3/3
  1192 | D:2      | Found a radiant altar of Vehumet.
  1315 | D:2      | Noticed Robin
  1333 | D:2      | Reached skill level 4 in Long Blades
  1348 | D:2      | Reached ** piety under Trog
  1353 | D:2      | Killed Robin
  1353 | D:2      | Reached XP level 4. HP: 15/28 MP: 4/4
  2248 | D:3      | Found an ancient bone altar of Kikubaaqudgha.
  2305 | D:3      | Noticed Sigmund
  2322 | D:3      | Killed Sigmund
  2322 | D:3      | Reached skill level 5 in Long Blades
  2322 | D:3      | Reached skill level 1 in Stealth
  2322 | D:3      | Reached XP level 5. HP: 32/32 MP: 5/5
  2322 | D:3      | Reached XP level 6. HP: 37/37 MP: 6/6
  2361 | D:3      | Noticed Paps's ghost (amateur TrBe)
  2375 | D:3      | Killed Paps's ghost
  2375 | D:3      | Reached skill level 6 in Long Blades
  2536 | D:3      | Found a shattered altar of Ashenzari.
  2720 | D:3      | Found a runed door.
  2724 | D:3      | Noticed Crazy Yiuf
  2731 | D:3      | Killed Crazy Yiuf
  2841 | D:4      | Reached XP level 7. HP: 40/41 MP: 7/7
  2887 | D:4      | Reached skill level 7 in Long Blades
  2925 | D:4      | Found a sand-covered staircase.
  2972 | Ossuary  | Entered an ossuary
  3258 | Ossuary  | Reached skill level 8 in Long Blades
  3450 | Ossuary  | Reached XP level 8. HP: 35/46 MP: 8/8
  3685 | Ossuary  | Reached *** piety under Trog
  3747 | Ossuary  | Reached skill level 9 in Long Blades
  3886 | D:4      | Found a sparkling altar of Nemelex Xobeh.
  4357 | D:4      | Reached **** piety under Trog
  4612 | D:4      | Reached skill level 10 in Long Blades
  5166 | D:5      | Entered Level 5 of the Dungeon
  5194 | D:5      | Found a snail-covered altar of Cheibriados.
  5298 | D:5      | Reached XP level 9. HP: 49/51 MP: 9/9
  5402 | D:5      | Found a deep blue altar of Sif Muna.
  5553 | D:5      | Found a basalt altar of Yredelemnul.
  5687 | D:5      | Found a blossoming altar of Fedhas.
  5848 | D:5      | Found a glowing golden altar of the Shining One.
  5848 | D:5      | Found a sacrificial altar of Ru.
  6175 | D:6      | Found a staircase to the Ecumenical Temple.
  6185 | D:6      | Reached skill level 11 in Long Blades
  6352 | D:6      | Received a gift from Trog
  6584 | D:6      | Noticed Grinder
  6608 | D:6      | Paralysed by Grinder for 6 turns
  6636 | D:6      | Killed Grinder
  6839 | D:6      | Reached skill level 12 in Long Blades
  7091 | D:7      | Gained mutation: You are weak. (Str -2) [mutagenic meat]
  7092 | D:7      | Gained mutation: You have a pair of small antennae on your head. [mutagenic meat]
  7093 | D:7      | Lost mutation: You are weak. (Str -2) [mutagenic meat]
  7094 | D:7      | Gained mutation: You are partially covered in thin metallic scales. (AC +2) [mutagenic meat]
  7095 | D:7      | Gained mutation: You are clumsy. (Dex -2) [mutagenic meat]
  7163 | D:7      | Found Ymmoalouso's Food Shoppe.
  7205 | D:7      | Reached ***** piety under Trog
  7372 | D:7      | Reached XP level 10. HP: 55/56 MP: 10/10
  7772 | D:8      | Reached skill level 13 in Long Blades
  7826 | D:8      | Received a gift from Trog
  7972 | D:8      | Noticed Maurice
  8057 | D:8      | Killed Maurice
  8136 | D:8      | Noticed Erica
  8156 | D:8      | Killed Erica
  8156 | D:8      | Reached skill level 14 in Long Blades
  8162 | D:8      | Gained mutation: Armour fits poorly on your strangely shaped body. [potion of mutation]
  8162 | D:8      | Lost mutation: Armour fits poorly on your strangely shaped body. [potion of mutation]
  8162 | D:8      | Gained mutation: Your spells are a little harder to cast, but a little more powerful. [potion of mutation]
  8171 | D:8      | Gained mutation: You have a beak for a mouth. [potion of mutation]
  8171 | D:8      | Gained mutation: You have sharp toenails. [potion of mutation]
  8171 | D:8      | Lost mutation: You have sharp toenails. [potion of mutation]
  8351 | D:8      | Gained mutation: You are robust. (+10% HP) [potion of mutation]
  8351 | D:8      | Gained mutation: You are occasionally teleported next to monsters. [potion of mutation]
  8352 | D:8      | Lost mutation: Your spells are a little harder to cast, but a little more powerful. [potion of mutation]
  8352 | D:8      | Gained mutation: You can translocate small distances at will. [potion of mutation]
  8353 | D:8      | Lost mutation: You are clumsy. (Dex -2) [potion of mutation]
  8354 | D:8      | Gained mutation: You are partially covered in molten scales. (AC +2) [potion of mutation]
  8354 | D:8      | Gained mutation: You are dopey. (Int -2) [potion of mutation]
  8354 | D:8      | Gained mutation: You possess an exceptional clarity of mind. [potion of mutation]
  8355 | D:8      | Gained mutation: Your muscles are strong. (Str +2) [potion of mutation]
  8355 | D:8      | Gained mutation: Your spells are a little easier to cast, but a little less powerful. [potion of mutation]
  8427 | D:8      | Reached XP level 11. HP: 66/66 MP: 3/11
  8978 | D:9      | Found a snail-covered altar of Cheibriados.
  9133 | D:9      | Found a staircase to the Lair.
  9196 | D:9      | Received a gift from Trog
  9282 | D:9      | Reached skill level 15 in Long Blades
  9397 | D:9      | Found a shadowy altar of Dithmenos.
  9901 | D:10     | Entered Level 10 of the Dungeon
 10110 | D:10     | Found Bukusom's Armour Boutique.
 10110 | D:10     | Found a staircase to the Orcish Mines.
 10927 | D:10     | Noticed a hill giant
 10934 | D:10     | Killed a hill giant
 10934 | D:10     | Reached skill level 5 in Armour
 11130 | D:11     | Noticed a cyan ugly thing
 11142 | D:11     | Killed a cyan ugly thing
 11196 | D:11     | Found Yreh's Weapon Shoppe.
 11290 | D:11     | Noticed a hill giant
 11301 | D:11     | Killed a hill giant
 11404 | D:11     | Received a gift from Trog
 11488 | D:11     | Reached XP level 12. HP: 69/70 MP: 4/12
 11749 | D:11     | Reached skill level 16 in Long Blades
 12272 | D:12     | Noticed Kirke
 12302 | D:12     | Killed Kirke
 12302 | D:12     | Received a gift from Trog
 12386 | D:12     | Noticed Frances
 12405 | D:12     | Killed Frances
 12681 | D:12     | Noticed dngmouse's ghost (journeyman HOFi)
 12720 | D:12     | Killed dngmouse's ghost
 13159 | Lair:1   | Entered Level 1 of the Lair of Beasts
 13324 | Lair:1   | Found a dark tunnel.
 13335 | Volcano  | Entered a volcano
 13726 | Volcano  | Found a burning altar of Makhleb.
 13784 | Volcano  | Reached XP level 13. HP: 63/75 MP: 4/13
 13821 | Volcano  | Reached skill level 17 in Long Blades
 14294 | Lair:1   | Reached skill level 10 in Armour
 14879 | Lair:2   | Received a gift from Trog
 15254 | Lair:2   | Found a hole to the Spider Nest.
 16082 | Lair:3   | Found a staircase to the Shoals.
 16086 | Lair:3   | Noticed Fannar
 16102 | Lair:3   | Killed Fannar
 16102 | Lair:3   | Reached skill level 18 in Long Blades
 16142 | Lair:3   | Found a labyrinth entrance.
 16155 | Lab      | Entered a labyrinth
 16428 | Lab      | Noticed a minotaur
 16433 | Lab      | Killed a minotaur
 16444 | Lab      | Got a crude golden ring
 16469 | Lab      | Identified the ring of Ishaud {Fire rElec Int-3 Slay+3} (You found it in a labyrinth)
 17061 | Lair:4   | Gained mutation: Your large and strong wings let you fly indefinitely. [Gargoyle growth]
 17061 | Lair:4   | Reached XP level 14. HP: 50/81 MP: 4/14
 17175 | Lair:4   | Noticed Josephine
 17186 | Lair:4   | Killed Josephine
 17945 | Lair:5   | Reached ****** piety under Trog
 18210 | Lair:5   | Reached skill level 19 in Long Blades
 18283 | Lair:5   | Received a gift from Trog
 18878 | Lair:6   | Entered Level 6 of the Lair of Beasts
 19205 | Lair:6   | Received a gift from Trog
 19437 | Lair:6   | Reached XP level 15. HP: 77/85 MP: 5/15
 19549 | Lair:6   | Reached skill level 20 in Long Blades
 19760 | Lair:6   | Found a staircase to the Slime Pits.
 19953 | Lair:6   | Identified a scroll of acquirement
 19954 | Lair:6   | Got a twitching bronze ring
 19957 | Lair:6   | Identified the ring "Host" {rPois MR+} (You acquired it on level 6 of the Lair of Beasts)
 20682 | D:13     | Received a gift from Trog
 20708 | D:13     | Noticed Snorg
 20724 | D:13     | Killed Snorg
 21195 | D:13     | Noticed HEYYEYAAE's ghost (journeyman DrIE)
 21211 | D:13     | Killed HEYYEYAAE's ghost
 21447 | Shoals:1 | Entered Level 1 of the Shoals
 21678 | Shoals:1 | Noticed a kraken
 21694 | Shoals:1 | Killed a kraken
 22402 | Shoals:2 | Noticed Roxanne
 22415 | Shoals:2 | Killed Roxanne
 22416 | Shoals:2 | Identified Roxanne's Almanac of Transformation (You took it off Roxanne on level 2 of the Shoals)
 22511 | Shoals:2 | Noticed Polyphemus
 22519 | Shoals:2 | Killed Polyphemus
 22523 | Shoals:2 | Reached skill level 21 in Long Blades
 22533 | Shoals:2 | Got a translucent scale mail
 22534 | Shoals:2 | Identified the cursed +0 scale mail "Qaffury" {rN+ Str+2} (You found it on level 2 of the Shoals)
 23604 | Shoals:3 | Reached XP level 16. HP: 76/91 MP: 16/16
 24411 | Shoals:4 | Entered Level 4 of the Shoals
 24453 | Shoals:4 | Noticed a kraken
 24469 | Shoals:4 | Killed a kraken
 24676 | Shoals:4 | Noticed Ilsuiw
 24715 | Shoals:4 | Slain by a merfolk impaler

Skill      XL: |  1  2  3  4  5  6  7  8  9 10 11 12 13 14 15 |
---------------+----------------------------------------------+-----
Long Blades    | 3 4 5 6 8 10 12 14 15 16 18 19 21 | 21.5
Stealth        | 1 |  1.2
Armour         | 6 9 11 12 13 | 13.8
Fighting       | |  3.4
Dodging        | |  1.6

Action                   |  1- 3 |  4- 6 |  7- 9 | 10-12 | 13-15 | 16-18 || total
-------------------------+-------+-------+-------+-------+-------+-------++-------
Melee: Falchion          |   123 |    95 |   949 |     8 |       |       ||  1175
       Scimitar          |       |       |       |   831 |   176 |       ||  1007
       Long sword        |       |       |       |   114 |       |       ||   114
       Peck              |       |       |       |   163 |   334 |    41 ||   538
       Great sword       |       |       |       |       |   926 |       ||   926
       Triple sword      |       |       |       |       |   280 |   162 ||   442
Invok: Berserk           |     1 |     3 |     4 |     7 |     9 |     3 ||    27
       Trog's Hand       |       |     1 |     3 |     8 |     6 |     4 ||    22
       Burn Spellbooks   |       |       |       |     2 |     4 |       ||     6
       Brothers in Arms  |       |       |       |     1 |     5 |     5 ||    11
 Abil: Fly               |       |       |       |       |     1 |       ||     1
       Blink             |       |       |       |       |       |     1 ||     1
  Use: Scroll            |     3 |       |     1 |     4 |    25 |     1 ||    34
       Potion            |     1 |       |     1 |    13 |     1 |     3 ||    19
 Stab: Invisible         |       |       |     3 |       |       |       ||     3
       Sleeping          |       |       |     1 |       |       |       ||     1
       Distracted        |       |       |       |     1 |     1 |       ||     2
  Eat: Chunk             |     1 |     8 |    18 |    30 |    30 |     9 ||    96
       Meat ration       |       |       |     2 |       |     1 |       ||     3
       Pizza             |       |       |     1 |     2 |     2 |       ||     5
       Fruit             |       |       |       |     2 |       |       ||     2
       Royal jelly       |       |       |       |     1 |       |       ||     1
       Beef jerky        |       |       |       |     1 |     4 |       ||     5
Armor: Animal skin       |    19 |       |       |       |       |       ||    19
       Ring mail         |    26 |    33 |   352 |   392 |   170 |       ||   973
       Skin              |    23 |     6 |       |       |       |       ||    29
       Troll leather arm |       |       |       |    32 |       |       ||    32
       Plate armour      |       |       |       |       |   922 |   212 ||  1134
Dodge: Dodged            |   101 |    59 |   436 |   334 |   563 |    77 ||  1570
Block: Other             |       |       |       |       |    13 |     5 ||    18
       Reflection        |       |       |       |       |     1 |       ||     1
       Rpst.: Falchion   |    37 |    22 |   135 |       |       |       ||   194
       Long sword        |       |       |       |    14 |       |       ||    14
       Scimitar          |       |       |       |    86 |    19 |       ||   105
       Great sword       |       |       |       |       |    84 |       ||    84
       Triple sword      |       |       |       |       |    30 |    16 ||    46
